 Dungeon Crawl Stone Soup version 0.27.0-1-g7a089689b8 (webtiles) character file.

Game seed: 7754997149509219123

21 fiver49 the Chucker (level 2, -4/17 HPs)
             Began as a Vampire Hunter on Aug 3, 2021.
             Slain by an orc (5 damage)
             ... on level 2 of the Dungeon.
             The game lasted 00:02:10 (802 turns).

fiver49 the Chucker (Vampire Hunter)                 Turns: 802, Time: 00:02:11

Health: -4/17      AC:  3    Str: 11    XL:     2   Next: 62%
Magic:  2/2        EV: 12    Int: 13    God:
Gold:   41         SH:  0    Dex: 14    Spells: 1/1 levels left

rFire    . . .     SeeInvis +   a - +0 short sword
rCold    + + .     Faith    .   (no shield)
rNeg     + + +     Spirit   .   b - +0 leather armour
rPois    ∞         Reflect  .   (no helmet)
rElec    .         Harm     .   (no cloak)
rCorr    .         Rampage  .   (no gloves)
Will     .....                  (no boots)
Stlth    ++++......             (no amulet)
HPRegen  0.00/turn              (no ring)
MPRegen  0.08/turn              (no ring)

@: bloodless, inhibited regen
A: bloodless, fangs 3, see invisible, vampiric 1
a: Revivify


You were on level 2 of the Dungeon.
You visited 1 branch of the dungeon, and saw 2 of its levels.

You collected 41 gold pieces.

Inventory:

Hand Weapons
 a - a +0 short sword (weapon)
Missiles
 c - 6 javelins (quivered)
 d - 3 throwing nets
Armour
 b - a +0 leather armour (worn)
Scrolls
 e - a scroll of teleportation {unknown}
 h - a scroll of immolation {unknown}
Potions
 f - a potion of heal wounds {unknown}
 g - a potion of curing {unknown}


   Skills:
 - Level 1.7 Fighting
 + Level 2.6 Short Blades
 - Level 3.2 Throwing
 - Level 2.1 Dodging
 - Level 1.5 Stealth


You had one spell level left.
You didn't know any spells.
Your spell library was empty.

Dungeon Overview and Level Annotations

Branches:
Dungeon (2/15)

Altars:


Innate Abilities, Weirdness & Mutations

You do not regenerate when monsters are visible.
You are frail without blood (-20% HP).
You can heal yourself when you bite living creatures.
You are immune to poison.
You have razor-sharp teeth.
You have supernaturally acute eyesight. (SInv)
You are afflicted with vampirism.


Message History

Found a stone staircase leading down.
You now have 30 gold pieces (gained 10).
You now have 41 gold pieces (gained 11).
A goblin comes into view. It is wielding a +0 dagger.
A goblin is nearby!
The goblin shouts!
You hit the goblin.
You kill the goblin!
Items here: ( )) †.
A rat, an endoplasm and an orc come into view.
The endoplasm moves out of view.
There are monsters nearby!
You hit the orc.
The orc is heavily wounded.
The orc barely misses you.
You hit the orc.
The orc is severely wounded.
The orc hits you with a +0 flail.
You closely miss the orc.
The orc is severely wounded.
The orc hits you with a +0 flail! The rat barely misses you.
You are too injured to fight recklessly!
You are too injured to fight recklessly!
Items here: ( )) †.
You hit the endoplasm.
The endoplasm is moderately wounded.
The endoplasm barely misses you.
You hit the endoplasm.
The endoplasm is almost dead.
The endoplasm barely misses you.
You hit the endoplasm.
You kill the endoplasm!
You closely miss the orc.
The orc is heavily wounded.
The orc hits you with a +0 flail.
* * * LOW HITPOINT WARNING * * *
The rat twitches its whiskers.
There is a stone staircase leading up here.
The orc hits you with a +0 flail.
You die...

..##.#...######...
#.##.#...........#
#.##.##..#######.# ##
#.##......# #r# .
#.##.##...# #.# ###.
#.##.##...######.#
..#...##..r.............#
.......o##.....>......###
..#...#.@#.##########+#
#.. #..#.# #. #..#.# #
#..#.# #..#.# ####.# #.#


You could see an orc.

Vanquished Creatures
  2 bats (D:1)
  3 endoplasms
  A giant cockroach (D:1)
  4 hobgoblins (D:1)
  2 kobolds (D:1)
  2 goblins
  3 rats (D:1)
17 creatures vanquished.

Notes
Turn   | Place    | Note
-------+----------+-------------------------------------------
     0 | D:1      | fiver49 the Vampire Hunter began the quest for the Orb.
     0 | D:1      | Reached XP level 1. HP: 16/16 MP: 1/1
    49 | D:1      | Reached skill level 1 in Short Blades
   190 | D:1      | Reached XP level 2. HP: 11/17 MP: 2/2
   802 | D:2      | Slain by an orc

Illustrated notes

Levels and vault maps discovered:
D:1:      psy_arrival_statuary, layout_basic, feat_on_display
D:2:      minmay_spotlight, layout_basic, hellmonk_ecumenical_altar_run_dry

Skill      XL: |  1  2 |
---------------+-------+-----
Short Blades   | 1 2 |  2.6
Fighting       | |  1.7
Throwing       | |  3.2
Dodging        | |  2.1
Stealth        | |  1.5

Action                   || total
-------------------------++-------
Melee: Short sword       ||    49
       Bite              ||     7
 Abil: Exsanguinate      ||     1
 Stab: Sleeping          ||     4
Armor: Leather armour    ||     9
Dodge: Dodged            ||    28
